 Dungeon Crawl Stone Soup version 0.24-a0-434-gd57e52fea8 (webtiles) character file.

Game seed: 1395251939262189239

184 mhoghedin the Conjurer (level 5, -1/38 HPs)
             Began as a Draconian Conjurer on June 16, 2019.
             Killed by divine providence
             ... invoked by an orc priest
              (14 damage)
             ... on level 3 of the Dungeon.
             The game lasted 00:04:49 (2454 turns).

mhoghedin the Conjurer (Draconian Conjurer)         Turns: 2454, Time: 00:04:50

Health: -1/38      AC:  7    Str: 11    XL:     5   Next: 36%
Magic:  10/10      EV: 12    Int: 16    God:
Gold:   59         SH:  0    Dex: 11    Spells: 1/11 levels left

rFire    . . .     SeeInvis +   n - +2 quarterstaff (chaos)
rCold    . . .     Gourm    .   (shield currently unavailable)
rNeg     . . .     Faith    .   (armour unavailable)
rPois    .         Spirit   .   (helmet restricted)
rElec    .         Reflect  .   m - +0 cloak
rCorr    .         Harm     .   c - +0 pair of gloves
MR       .....                  (no boots)
Stlth    ++........             (no amulet)
HPRegen  0.12/turn              d - ring of see invisible {sInv, !d}
MPRegen  0.12/turn              (no ring)

@: no status effects
A: unfitting armour, cold-blooded, AC +5
a: no special abilities


You were on level 3 of the Dungeon.
You were hungry.

You visited 1 branch of the dungeon, and saw 3 of its levels.

You collected 59 gold pieces.

Inventory:

Hand Weapons
 n - a +2 quarterstaff of chaos (weapon)
   (You took it off Crazy Yiuf on level 2 of the Dungeon)
Armour
 c - a +0 pair of gloves (worn)
   (You found it on level 1 of the Dungeon)
 m - a +0 cloak (worn)
   (You took it off Crazy Yiuf on level 2 of the Dungeon)
Jewellery
 d - a ring of see invisible (left hand) {sInv, !d}
   (You found it on level 3 of the Dungeon)
Scrolls
 a - 4 scrolls of teleportation
 e - 2 scrolls of identify
 f - a scroll of fog {unknown}
 g - a scroll of amnesia {unknown}
 h - a scroll of magic mapping {unknown}
 j - a scroll of remove curse
Potions
 i - 2 potions of agility
 l - a potion of haste {unknown}
Comestibles
 b - 3 rations


   Skills:
 - Level 1.7 Dodging
 - Level 1.7 Stealth
 + Level 3.6 Spellcasting
 + Level 5.2 Conjurations
 + Level 1.7 Hexes


You had one spell level left.
You knew the following spells:

 Your Spells              Type           Power        Failure   Level  Hunger
a - Magic Dart            Conj           ###.         1%          1    None
b - Searing Ray           Conj           ###...       3%          2    ##.....
c - Dazzling Spray        Conj/Hex       ##....       12%         3    ###....
d - Fulminant Prism       Conj/Hex       ##........   38%         4    ####...

Your spell library contained the following spells:

 Spells                   Type           Power        Failure   Level  Hunger
 Iskenderun's Mystic Bla  Conj           ###.....     21%         4    ####...
 Force Lance              Conj/Tloc      ##......     52%         4    ####...


Dungeon Overview and Level Annotations

Branches:
Dungeon (3/15)

Altars:
Cheibriados
Makhleb
Xom
The Shining One


Innate Abilities, Weirdness & Mutations

Your plain brown scales are hard. (AC +5)
You cannot fit into any form of body armour.
You are cold-blooded and may be slowed by cold attacks.


Message History

You kill the jackal!
The hobgoblin hits you with a +0 club.
You take 3 damage, and have 28/38 hp.
You barely miss the hobgoblin.
Your tail-slap misses the hobgoblin.
The hobgoblin hits you but does no damage.
You hit the hobgoblin but do no damage.
The hobgoblin is poisoned.
The hobgoblin hits you with a +0 club.
You take 1 damage, and have 27/38 hp.
You barely miss the hobgoblin. The hobgoblin misses you.
You sock the hobgoblin! You freeze the hobgoblin.
You kill the hobgoblin!
No target in view!
No target in view!
No target in view!
No target in view!
No target in view!
No target in view!
No target in view!
No target in view!
No target in view!
No target in view!
Things that are here:
a +0 club; a hobgoblin corpse; a jackal corpse An ooze comes into view.
An ooze is nearby!
There is a stone staircase leading down here.
The ooze completely misses you.
You barely miss the ooze. The ooze barely misses you.
You hit the ooze but do no damage. The ooze hits you.
You take 4 damage, and have 25/38 hp.
You hit the ooze. The ooze hits you. The ooze hits you but does no damage.
You take 1 damage, and have 24/38 hp.
You completely miss the ooze. You tail-slap the ooze.
The ooze barely misses you.
You sock the ooze!
You kill the ooze!
No target in view!
No target in view!
No target in view!
No target in view!
No target in view!
A goblin comes into view.
The goblin shouts!
A goblin is nearby!
An ooze comes into view.
The ooze quivers.
You hit the goblin. You freeze the goblin.
You kill the goblin!
A rat comes into view.
You are feeling hungry.
You hit the ooze. You burn the ooze.
A bat comes into view.
The ooze hits you but does no damage.
The bat moves out of view.
You sock the ooze!
You kill the ooze!
The rat bites you but does no damage.
You closely miss the rat. The rat barely misses you. x2
You thump the rat!
You kill the rat!
No target in view!
You see here a rat corpse.
The bat is too close now for your liking.
A bat is nearby!
The bat hits you but does no damage. x2
You closely miss the bat. The bat closely misses you.
The bat hits you but does no damage.
You closely miss the bat. The bat misses you.
The bat hits you but does no damage.
You miss the bat.
The orc shouts!
Your tail-slap misses the bat.
The bat closely misses you. The bat closely misses you.
You closely miss the bat. The bat completely misses you.
You closely miss the bat. The bat completely misses you.
You hit the bat.
The bat disappears!
You hit the orc.
The orc is poisoned.
You kill the orc!
Things that are here:
a +0 club; an orc corpse A goblin comes into view.
The goblin shouts!
An orc wizard comes into view. It is wielding a +0 dagger.
An orc comes into view. It is wielding a +0 hand axe.
The orc wizard shouts!
The orc priest shouts!
The orc shouts!
The goblin hits you.
An orc comes into view. It is wielding a +0 whip.
The orc priest calls down the wrath of Beogh upon you.
Beogh smites you!
The orc shouts!
You are too injured to fight recklessly!
You are too injured to fight recklessly!
You are too injured to fight recklessly!
You are too injured to fight recklessly!
You take 18 damage, and have 13/38 hp.
MASSIVE DAMAGE!!
The orc wizard casts a spell at you. You resist with some effort.
The orc priest mumbles some strange prayers to Beogh against you.
Beogh smites you!
You die...

###..# #.## #......##
.# #### #.##. #......#
...# #.# . #......#
#..##.# #.##.)....#
#....# #.#.......#
#.^###.........#
########....###.......#
#...<...og#.###.......#
#........@............#
#...o.oo.<.##.#..######
#...o....[###.......
#.......).# ..........
...........>.#####.....
.....<.......>... .....
..################
..... .. ....


You could see an orc priest, an orc wizard, 3 orcs and a goblin.

Vanquished Creatures
  A centaur zombie (D:2)
  Crazy Yiuf (D:2)
  Terence (D:1)
  2 adders
  2 oozes (D:3)
  2 dart slugs
  A leopard gecko (D:2)
  5 orcs (D:3)
  5 giant cockroaches
  6 goblins
  4 hobgoblins
  6 jackals
  5 kobolds (D:1)
  2 quokkas
  7 bats
  3 frilled lizards (D:2)
  5 rats
58 creatures vanquished.

Notes
Turn   | Place    | Note
-------+----------+-------------------------------------------
     0 | D:1      | mhoghedin the Draconian Conjurer began the quest for the
                  | Orb.
     0 | D:1      | Reached XP level 1. HP: 14/14 MP: 3/3
   323 | D:1      | Reached XP level 2. HP: 13/20 MP: 0/5
   513 | D:1      | Found a glowing golden altar of the Shining One.
   614 | D:2      | Noticed Terence
   644 | D:1      | HP: 2/20 [Terence/+0 short sword (4)]
   645 | D:1      | Killed Terence
   645 | D:1      | Reached XP level 3. HP: 3/26 MP: 0/7
   943 | D:1      | Learned a level 2 spell: Searing Ray
   947 | D:1      | Learned a level 3 spell: Dazzling Spray
  1085 | D:2      | Found a hide-covered altar of Uskayaw.
  1098 | D:2      | Reached skill level 3 in Spellcasting
  1169 | D:2      | Found a runed translucent door.
  1170 | D:2      | Noticed Crazy Yiuf
  1328 | D:2      | Reached XP level 4. HP: 20/33 MP: 0/8
  1513 | D:2      | Found a snail-covered altar of Cheibriados.
  1615 | D:2      | Reached skill level 5 in Conjurations
  1615 | D:2      | Reached skill level 1 in Hexes
  1814 | D:2      | Found a glowing golden altar of the Shining One.
  1814 | D:2      | Found a shimmering altar of Xom.
  1816 | D:2      | Found a burning altar of Makhleb.
  1816 | D:2      | Found a burning altar of Makhleb.
  1816 | D:2      | Found a radiant altar of Vehumet.
  1881 | D:2      | Killed Crazy Yiuf
  1881 | D:2      | Reached XP level 5. HP: 28/38 MP: 1/10
  2300 | D:3      | Learned a level 4 spell: Fulminant Prism
  2454 | D:3      | Killed from afar by an orc priest

Levels and vault maps discovered:
D:1:      zaba_arrival_water, layout_rooms, tso_metal_star
D:2:      layout_rooms, doesnt_xom_only_xom, lemuel_doored_altar, uniq_terence,
          uniq_crazy_yiuf_cottage
D:3:      layout_rooms, first_ration

Skill      XL: |  1  2  3  4 |
---------------+-------------+-----
Spellcasting   | 3 |  3.6
Conjurations   | 5 |  5.2
Hexes          | 1 |  1.7
Dodging        | |  1.7
Stealth        | |  1.7

Action                   |  1- 3 |  4- 6 || total
-------------------------+-------+-------++-------
Melee: Short sword       |    46 |     5 ||    51
       Tailslap          |     5 |     2 ||     7
       Unarmed           |     1 |       ||     1
       Quarterstaff      |       |    45 ||    45
 Cast: Magic Dart        |    44 |    15 ||    59
       Searing Ray       |     3 |     1 ||     4
       Dazzling Spray    |       |     2 ||     2
  Use: Potion            |     1 |       ||     1
       Scroll            |     1 |     2 ||     3
 Stab: Sleeping          |     2 |     1 ||     3
       Invisible         |       |     1 ||     1
  Eat: Chunk             |     2 |     3 ||     5
Armor: Skin              |    27 |    18 ||    45
Dodge: Dodged            |    69 |    38 ||   107

Table legend:
 A = Non-vault XP
 B = Vault XP
 C = Vault XP percentage of total XP
 D = Non-vault monster count
 E = Vault monster count
 F = Vault count percentage of total count
                 A         B        C        D         E       F
            +---------+---------+-------+---------+---------+-------
      Total |     186 |      77 |  29.3 |      56 |       2 |   3.4
            +---------+---------+-------+---------+---------+-------
        D:1 |      21 |      38 |  64.4 |      13 |       1 |   7.1
        D:2 |     101 |      39 |  27.9 |      24 |       1 |   4.0
        D:3 |      64 |       0 |   0.0 |      19 |       0 |   0.0
            +---------+---------+-------+---------+---------+-------

Levels and vault maps discovered:
D:1:      zaba_arrival_water, layout_rooms, tso_metal_star
D:2:      layout_rooms, doesnt_xom_only_xom, lemuel_doored_altar, uniq_terence,
          uniq_crazy_yiuf_cottage
D:3:      layout_rooms, first_ration

Table legend:
 A = Turns spent in this place as a percentage of turns spent in the entire game.
 B = Non-inter-level travel turns spent in this place as a percentage of non-inter-level travel turns spent in the entire game.
 C = Inter-level travel turns spent in this place as a percentage of turns spent in this place.
 D = Turns resting spent in this place as a percentage of non-inter-level travel turns spent in this place.
 E = Turns spent auto-exploring this place as a percentage of non-inter-level travel turns spent in this place.
 F = Non-inter-level travel turns spent in this place divided by the number of levels of this place that you've seen.
                   A       B       C       D       E      F
               +-------+-------+-------+-------+-------+----------------------
         Total | 100.0 | 100.0 |   3.7 |  44.9 |  36.6 | 787.3
       Dungeon | 100.0 | 100.0 |   3.7 |  44.9 |  36.6 | 787.3
               +-------+-------+-------+-------+-------+----------------------

Table legend:
 A = Kills in this place as a percentage of kills in entire the game.
 B = Kills by you in this place as a percentage of kills by you in the entire game.
 C = Kills by friends in this place as a percentage of kills by friends in the entire game.
 D = Other kills in this place as a percentage of other kills in the entire game.
 E = Experience gained in this place as a percentage of experience gained in the entire game.
 F = Experience gained in this place divided by the number of levels of this place that you have seen.
                   A       B       C       D       E      F
               +-------+-------+-------+-------+-------+----------------------
         Total | 100.0 | 100.0 |   N/A |   N/A | 100.0 |  87.7
       Dungeon | 100.0 | 100.0 |   N/A |   N/A | 100.0 |  87.7
               +-------+-------+-------+-------+-------+----------------------
